 Dungeon Crawl Stone Soup version 0.28.0-53-g5a82cb258f (webtiles) character file.

Game seed: 9231524081434011716

507 bnorton916 the Magician (level 6, -7/32 HPs)
             Began as a Deep Elf Fire Elementalist on July 12, 2022.
             Mangled by a yak (12 damage)
             ... on level 4 of the Dungeon.
             The game lasted 00:03:51 (4461 turns).

bnorton916 the Magician (DEFE)                      Turns: 4461, Time: 00:03:51

Health: -7/32      AC:  3    Str:  5    XL:     6   Next: 97%
Magic:  12/17      EV: 12    Int: 22    God:
Gold:   224        SH:  5    Dex: 15    Spells: 7/17 levels left

rFire   . . .      SeeInvis .   (no weapon)
rCold   . . .      Faith    .   (no shield)
rNeg    . . .      Spirit   .   a - +0 robe
rPois   .          Reflect  +   (no helmet)
rElec   .          Harm     .   (no cloak)
rCorr   .          Rampage  .   l - +0 pair of gloves
Will    .....                   (no boots)
Stlth   ++........              p - amulet of reflection
HPRegen 0.10/turn               (no ring)
MPRegen 0.15/turn               (no ring)

@: no status effects
A: no striking features
a: no special abilities


You were on level 4 of the Dungeon.
You visited 1 branch of the dungeon, and saw 4 of its levels.

You collected 224 gold pieces.

Inventory:

Hand Weapons
 u - a +5 dire flail of holy wrath
Missiles
 c - 69 stones
 e - 8 poisoned darts
 h - 5 javelins
Armour
 a - a +0 robe (worn)
 k - the +1 ring mail "Gilepla" {*Slow MP+9 Slay+5 Stlth+}
   (You found it on level 3 of the Dungeon)

   Slay:      It affects your accuracy & damage with ranged weapons and melee
   (+5).
   MP:        It affects your magic capacity (+9).
   *Slow:     It may slow you when you take damage.
   Stlth:     It makes you more stealthy.
 l - a +0 pair of gloves (worn)
Jewellery
 p - an amulet of reflection (around neck)
 s - a +4 ring of protection
Scrolls
 b - a scroll of torment {unknown}
 d - a scroll of summoning {unknown}
 g - 2 scrolls of identify {unknown}
 i - 4 scrolls of teleportation {unknown}
 m - a scroll of fear {unknown}
 o - a scroll of magic mapping {unknown}
 q - a scroll of immolation {unknown}
 t - 2 scrolls of fog {unknown}
 v - 2 scrolls of vulnerability {unknown}
Potions
 f - 3 potions of curing {unknown}
 j - a potion of invisibility {unknown}
 n - a potion of magic {unknown}
 r - a potion of mutation {unknown}


   Skills:
 + Level 1.4 Armour
 - Level 2.4 Dodging
 - Level 2.4 Stealth
 + Level 6.1 Spellcasting
 + Level 4.3 Conjurations
 + Level 5.5 Fire Magic


You had 7 spell levels left.
You knew the following spells:

 Your Spells              Type           Power      Damage    Failure   Level
a - Foxfire               Conj/Fire      100%       2x1d9     1%          1
b - Scorch                Fire           62%        2d8       1%          2
c - Conjure Flame         Conj/Fire      28%        6-21      3%          3
d - Flame Wave            Conj/Fire      28%        2d8       12%         4

Your spell library contained the following spells:

 Spells                   Type           Power      Damage    Failure   Level
 Inner Flame              Hex/Fire       18%        N/A       9%          3
 Petrify                  Tmut/Erth      6%         N/A       65%         4
 Metabolic Englaciation   Hex/Ice        3%         N/A       94%         5
 Statue Form              Tmut/Erth      4%         N/A       100%        6


Dungeon Overview and Level Annotations

Branches:
Dungeon (4/15)
 Temple: D:4-7

Altars:
Kikubaaqudgha

Annotations:
D:4 Natasha


Message History

The foxfire hits the hobgoblin!
You kill the hobgoblin!
Casting: Foxfire (safe; 1% risk of failure)
Confirm with . or Enter, or press ? or * to list all spells.
You conjure some foxfire!
Your foxfire dissipates!
Your foxfire dissipates!
You see here an adder corpse.
A yak comes into view.
The yak bellows!
The yak gores you!
Ouch! That really hurt!
Casting: Foxfire (safe; 1% risk of failure)
Confirm with . or Enter, or press ? or * to list all spells.
Flames lash the yak.
The yak is moderately wounded.
The yak's fire resistance burns away.
You hear an angry hiss.
Natasha, Servant of Life and Death comes into view.
The yak barely misses you. The yak closely misses you.
Casting: Scorch (safe; 1% risk of failure)
Confirm with . or Enter, or press ? or * to list all spells.
Flames lash Natasha.
Natasha is lightly wounded.
Natasha's fire resistance burns away.
Natasha mumbles some strange words.
The yak closely misses you.
Natasha wildly gestures.
You feel disoriented. The yak gores you.
Casting: Scorch (safe; 1% risk of failure)
Confirm with . or Enter, or press ? or * to list all spells.
Flames lash Natasha.
Natasha is burned terribly!
Natasha is almost dead.
The yak gores you!
* * * LOW HITPOINT WARNING * * *
Natasha growls.
The yak gores you!
You die...

##..## #....####..##
#...###...## ##..#
#####......# ##..
..##.....## ##. #Y
#......# ## #.##......##
### ####h#.......####..
##.#Y####......#....
##.#@#.# ##...>.....<
#.###### ##..##..#..
#..##.#.#.#####..##.[##.
#..........##..####.###
##########....## #.###
##.# .. ###..# #..##
#..# #.## ##.# #..##
##.## #[.# #.## ##....
###..# #..# #..###..##.


You could see a yak (combustible) and Natasha (combustible).

Vanquished Creatures
  Edmund (D:4)
  An ogre (D:3)
  A bullfrog (D:3)
  A jelly (D:4)
  Natasha (twice) (D:4)
  9 adders
  3 gnolls (D:2)
  A dart slug (D:4)
  2 orcs
  6 ball pythons
  2 bats
  3 endoplasms
  A giant cockroach (D:4)
  5 goblins
  5 hobgoblins
  4 kobolds
  4 quokkas
  2 frilled lizards
53 creatures vanquished.

Vanquished Creatures (others)
  269 foxfires
269 creatures vanquished.

Grand Total: 322 creatures vanquished

Notes
Turn   | Place    | Note
-------+----------+-------------------------------------------
     0 | D:1      | bnorton916 the Deep Elf Fire Elementalist began the quest
                  | for the Orb.
     0 | D:1      | Reached XP level 1. HP: 10/10 MP: 6/6
    16 | D:1      | You fall into a shaft and drop 1 floor!
    61 | D:2      | Reached XP level 2. HP: 15/15 MP: 4/8
   450 | D:2      | Found an ancient bone altar of Kikubaaqudgha.
   795 | D:2      | Reached XP level 3. HP: 19/19 MP: 8/10
   818 | D:2      | Reached skill level 4 in Spellcasting
  1186 | D:2      | Reached XP level 4. HP: 24/24 MP: 8/12
  2062 | D:3      | Noticed an ogre
  2073 | D:3      | Killed an ogre
  2074 | D:3      | Reached skill level 5 in Spellcasting
  2074 | D:3      | Reached XP level 5. HP: 28/28 MP: 7/14
  2151 | D:3      | Reached skill level 5 in Fire Magic
  2388 | D:3      | Learned a level 2 spell: Scorch
  2392 | D:3      | Learned a level 3 spell: Conjure Flame
  2397 | D:3      | Learned a level 4 spell: Flame Wave
  2550 | D:3      | Identified the +1 ring mail "Gilepla" {*Slow MP+9 Slay+5
                  | Stlth+}
  2971 | D:4      | Reached XP level 6. HP: 32/32 MP: 12/16
  3693 | D:4      | Noticed Natasha
  3700 | D:4      | Killed Natasha
  3795 | D:4      | Noticed Edmund
  3820 | D:4      | Killed Edmund
  3821 | D:4      | Reached skill level 1 in Armour
  3821 | D:4      | Reached skill level 6 in Spellcasting
  4155 | D:4      | Noticed Natasha
  4161 | D:4      | Killed Natasha
  4451 | D:4      | Noticed a yak
  4456 | D:4      | Noticed Natasha
  4461 | D:4      | Mangled by a yak

Illustrated notes

Levels and vault maps discovered:
D:1:      dpeg_arrival_rooms_a, layout_rooms,
          dreamdust_ecumenical_altar_sealed_demon
D:2:      layout_loops_ring, basic_altar
D:3:      layout_basic, kennysheep_generic_room_8
D:4:      layout_layer_cave, grunt_decor_cap, minmay_misc_feat_room,
          minmay_small_thing, uniq_edmund, uniq_natasha

Skill      XL: |  1  2  3  4  5  6 |
---------------+-------------------+-----
Conjurations   | 2 3 4 |  4.3
Fire Magic     | 4 5 |  5.5
Spellcasting   | 4 5 6 |  6.1
Armour         | 1 |  1.4
Dodging        | |  2.4
Stealth        | |  2.4

Action                   |  1- 3 |  4- 6 || total
-------------------------+-------+-------++-------
 Cast: Foxfire           |    59 |   104 ||   163
       Scorch            |       |     6 ||     6
       Conjure Flame     |       |     1 ||     1
Armor: Robe              |       |     4 ||     4
Dodge: Dodged            |     5 |    18 ||    23
